 Dungeon Crawl Stone Soup version 0.30.1-3-gfc49f6343a (webtiles) character file.

Game seed: 10888179269736892060

403 zdrol the Chopper (level 6, -3/55 HPs)
             Began as a Minotaur Fighter on Aug 6, 2023.
             Killed from afar by Sigmund (6 damage)
             ... with a magic dart
             ... on level 4 of the Dungeon.
             The game lasted 00:08:12 (2844 turns).

zdrol the Chopper (Minotaur Fighter)                Turns: 2844, Time: 00:08:13

Health: -3/55      AC:  7    Str: 23    XL:     6   Next: 55%
Magic:  5/5        EV: 10    Int:  5    God:
Gold:   195        SH:  0    Dex:  9    Spells: 5/5 levels left

rFire   . . .        a - +0 war axe
rCold   . . .        k - orb {light}
rNeg    . . .        b - +0 scale mail
rPois   .            (helmet restricted)
rElec   .            (no cloak)
rCorr   .            (no gloves)
SInv    .            (no boots)
Will    .....        (no amulet) Stlth
                     (no ring)
HPRegen 0.29/turn    (no ring)
MPRegen 0.09/turn

%: no passive effects
@: glowing
A: horns 2, retaliatory headbutt
a: no special abilities


You were on level 4 of the Dungeon.
You visited 1 branch of the dungeon, and saw 4 of its levels.

You collected 195 gold pieces.

Inventory:

Hand Weapons
 a - a +0 war axe (weapon)
Armour
 b - a +0 scale mail (worn)
 c - a +0 buckler
 k - an orb of light (worn)
Magical Staves
 p - a staff of earth
Wands
 o - a wand of roots (6)
Scrolls
 f - a scroll of blinking {unknown}
 i - a scroll of identify
 j - a scroll of teleportation {unknown}
 n - a scroll of fear {unknown}
Potions
 d - a potion of might
 e - a potion of magic {unknown}
 g - 3 potions of haste
 h - 2 potions of mutation {unknown}
 l - a potion of curing {unknown}
 m - 2 potions of berserk rage
 q - a potion of degeneration {unknown}


   Skills:
 + Level 4.9 Fighting
 + Level 5.8 Axes
 + Level 4.8 Armour
 + Level 1.6 Dodging
 + Level 0.3 Stealth
 + Level 4.9 Shields


You had 5 spell levels left.
You didn't know any spells.
Your spell library contained the following spells:

 Spells                   Type           Power      Damage    Failure   Level
 Freeze                   Ice            0%         1d3       78%         1
 Frozen Ramparts          Ice            0%         1d1       98%         3
 Hailstorm                Conj/Ice       0%         3d3       98%         3


Dungeon Overview and Level Annotations

Branches:
Dungeon (4/15)
 Temple: D:4-7

Altars:
Wu Jian

Annotations:
D:4 Sigmund


Innate Abilities, Weirdness & Mutations

You have a pair of horns on your head.
You reflexively headbutt those who attack you in melee.


Message History

You slash the gnoll!
You kill the gnoll!
The jackal bites you but does no damage.
You barely miss the jackal. Your headbutt misses the jackal.
Sigmund closely misses you.
The jackal bites you but does no damage.
You hit the jackal but do no damage. The jackal closely misses you.
Sigmund hits you from afar with a +6 scythe!
The jackal bites you but does no damage.
You hit the jackal.
The jackal is heavily wounded.
Sigmund hits you from afar with a +6 scythe!
The jackal closely misses you. The jackal barely misses you.
You hit the jackal.
You headbutt the jackal, but do no damage.
The jackal is almost dead.
Sigmund hits you from afar with a +6 scythe.
The jackal misses you.
Sigmund hits you from afar with a +6 scythe!
* * * LOW HITPOINT WARNING * * *
You slash the jackal!
You kill the jackal!
Sigmund hits you from afar with a +6 scythe!
* * * LOW HITPOINT WARNING * * *
Sigmund hits you with a +6 scythe.
* * * LOW HITPOINT WARNING * * *
Things that are here:
a +0 flail; a gnoll corpse; a jackal corpse You hit Sigmund.
Sigmund is lightly wounded.
Sigmund barely misses you.
You completely miss Sigmund. You headbutt Sigmund, but do no damage.
Sigmund is lightly wounded.
Sigmund closely misses you. You furiously retaliate!
You headbutt Sigmund. You slash Sigmund! You headbutt Sigmund.
Sigmund is almost dead.
Sigmund says, "I'm your fate."
Sigmund points at you and mumbles some strange words.
The magic dart hits you.
You die...

#.# #.# #.# ###.#
#...# #.### #.# #.#
#@# #@#
#########.########.###
#...........g.........
#P...~~≈~~~~~h~~~~~~~≈
#....~≈≈≈≈≈~≈≈~≈~≈≈≈≈≈
#....~≈#####~≈≈~~~≈~≈~
#....~≈#ooo#.......)..
#....≈≈#...###########


You could see Sigmund (fast, invisible) and 3 orcs.

Vanquished Creatures
  The ghost of erynZofia the Magician, an amateur DEVM of Vehumet (D:3)
  A bullfrog (D:3)
  An orc priest (D:3)
  An iguana (D:4)
  An orc wizard (D:3)
  A gnoll (D:4)
  2 river rats (D:3)
  5 adders (D:3)
  6 worms
  A dart slug (D:1)
  5 orcs (D:3)
  6 ball pythons
  4 bats
  An endoplasm (D:1)
  5 giant cockroaches
  4 goblins
  3 hobgoblins
  6 jackals
  3 quokkas
  A frilled lizard (D:2)
  5 kobolds
  6 rats
69 creatures vanquished.

Notes
Turn   | Place    | Note
-------+----------+-------------------------------------------
     0 | D:1      | zdrol the Minotaur Fighter began the quest for the Orb.
     0 | D:1      | Reached XP level 1. HP: 19/19 MP: 0/0
    45 | D:1      | Found a faded altar of an unknown god.
   146 | D:1      | Reached XP level 2. HP: 25/27 MP: 1/1
   947 | D:3      | Reached skill level 3 in Axes
   947 | D:3      | Reached XP level 3. HP: 11/33 MP: 2/2
   960 | D:3      | Reached XP level 4. HP: 15/40 MP: 3/3
  1431 | D:3      | Found a runed translucent door.
  1431 | D:3      | Noticed a bullfrog
  1433 | D:3      | Noticed erynZofia's ghost (amateur DEVM)
  1438 | D:3      | Killed a bullfrog
  1439 | D:3      | Reached skill level 4 in Axes
  1439 | D:3      | Reached XP level 5. HP: 47/47 MP: 4/4
  1459 | D:3      | Killed erynZofia's ghost
  1460 | D:3      | Reached skill level 5 in Axes
  1460 | D:3      | Reached skill level 1 in Dodging
  1460 | D:3      | Reached XP level 6. HP: 29/55 MP: 5/5
  1511 | D:3      | Found a runed translucent door.
  2303 | D:2      | Found an ornate altar of the Wu Jian Council.
  2809 | D:4      | Noticed Sigmund
  2841 | D:4      | HP: 2/55 [Sigmund/+6 scythe (4)]
  2844 | D:4      | Killed from afar by Sigmund

Illustrated notes

Levels and vault maps discovered:
D:1:      psy_arrival_dodecagon, layout_basic, ebering_ecumenical_altar_ruins,
          chequers_serial_rivers_small_3
D:2:      layout_basic, basic_altar
D:3:      layout_basic, gup_sewer_entry_spiral, ebering_ghost_sewer_f,
          minmay_shallow_snake_nest
D:4:      lemuel_castle_with_subvaults [lemuel_castle_interior_carwin_2],
          layout_loops_ring, grunt_temple_overflow_forces_of_nature,
          serial_bayou_crossing, uniq_duvessa, uniq_edmund, uniq_robin,
          uniq_sigmund

Skill      XL: |  1  2  3  4  5 |
---------------+----------------+-----
Fighting       | 4 |  4.9
Armour         | 4 |  4.8
Shields        | 4 |  4.9
Axes           | 3 4 5 |  5.8
Dodging        | 1 |  1.6
Stealth        | |  0.3

Action                     |  1- 3 |  4- 6 || total
---------------------------+-------+-------++-------
  Melee: War axe           |    39 |   119 ||   158
         Headbutt          |     3 |    23 ||    26
    Use: Scroll            |       |     1 ||     1
 Armour: Scale mail        |    24 |    54 ||    78
  Dodge: Dodged            |    11 |    73 ||    84
  Block: Buckler           |    10 |    11 ||    21
